 Dungeon Crawl Stone Soup version 0.23-a0-183-gf37f6fb109 (webtiles) character file.

56917 PikkenKukken the Severer (level 14, -6/126 HPs)
             Began as a Hill Orc Fighter on Sept 21, 2018.
             Was the Champion of Beogh.
             Killed from afar by a shock serpent (9 damage)
             ... with a bolt of electricity
             ... on level 1 of the Snake Pit.
             The game lasted 00:50:36 (25535 turns).

PikkenKukken the Severer (Hill Orc Fighter)        Turns: 25535, Time: 00:50:37

Health: -6/126     AC: 21    Str: 24    XL:     14   Next: 83%
Magic:  23/23      EV: 11    Int:  8    God:    Beogh [******]
Gold:   1963       SH:  0    Dex: 13    Spells: 13/13 levels left

rFire    + . .     SeeInvis .   J - +4 battleaxe (freeze)
rCold    + . .     Gourm    .   (shield currently unavailable)
rNeg     . . .     Faith    .   k - +0 plate armour (curse)
rPois    +         Spirit   .   m - +2 helmet
rElec    +         Reflect  .   (no cloak)
rCorr    +         Harm     .   d - +0 pair of gloves
MR       +....                  r - +0 pair of boots
Stlth    ..........             P - amulet of rage (curse)
HPRegen  0.31/turn              N - ring of stealth
MPRegen  0.18/turn              H - +3 ring of dexterity

@: lethally poisoned (-6 -> -8), resistant, slowed, very slow
A: walk on water
a: Smiting, Recall Orcish Followers, Give Item to Named Follower, Resurrection,
Renounce Religion, Evoke Berserk Rage


You were on level 1 of the Snake Pit.
You worshipped Beogh.
Beogh was exalted by your worship.
You were not hungry.

You visited 4 branches of the dungeon, and saw 22 of its levels.
You also visited: Sewer.

You collected 2079 gold pieces.
You spent 116 gold pieces at shops.

Inventory:

Hand Weapons
 a - a +1 war axe of chopping
 D - a +3 scimitar of flaming
 G - a +2 hand axe of electrocution
 J - a +4 battleaxe of freezing (weapon)
Armour
 c - a +1 shield
 d - a +0 pair of gloves (worn)
 k - a cursed +0 plate armour (worn)
 m - a +2 helmet (worn)
 r - a +0 pair of boots (worn)
 O - a +2 buckler of cold resistance
Jewellery
 g - a +3 ring of intelligence
 s - an uncursed amulet of guardian spirit
 H - a +3 ring of dexterity (right hand)
 N - a ring of stealth (left hand)
 P - a cursed amulet of rage (around neck)
Wands
 b - a wand of clouds (4)
 p - a wand of iceblast (18)
 v - a wand of paralysis (21)
 x - a wand of polymorph (16)
 A - a wand of scattershot (4)
 F - a wand of enslavement (41)
 I - a wand of acid (9)
 K - a wand of disintegration (12)
Scrolls
 e - 11 scrolls of remove curse
 j - 4 scrolls of teleportation
 q - 5 scrolls of enchant weapon
 t - 2 scrolls of amnesia
 u - 3 scrolls of fear
 y - 4 scrolls of enchant armour
 C - 2 scrolls of magic mapping
 E - a scroll of fog
Potions
 h - 3 potions of flight
 i - 7 potions of curing
 l - 4 potions of heal wounds
 n - 3 potions of agility
 o - 7 potions of lignification
 w - 5 potions of brilliance
 z - 4 potions of ambrosia
 B - a potion of mutation
 L - 2 potions of berserk rage
 Q - 2 potions of invisibility
Comestibles
 f - 34 rations


   Skills:
 + Level 12.0 Fighting
 * Level 16.9 Axes
 + Level 11.2 Armour
 + Level 8.3 Dodging
 + Level 11.2 Shields
 + Level 12.0 Invocations
 + Level 2.5 Evocations


You had 13 spell levels left.
You didn't know any spells.
Your spell library contained the following spells:

 Spells                   Type           Power        Failure   Level  Hunger
 Animate Skeleton         Necr           N/A          99%         1    ##.....
 Apportation              Tloc           #.....       99%         1    ##.....
 Beastly Appendage        Tmut           #.....       99%         1    ##.....
 Confusing Touch          Hex            #.....       99%         1    ##.....
 Freeze                   Ice            #...         99%         1    ##.....
 Shock                    Conj/Air       #...         99%         1    ##.....
 Summon Small Mammal      Summ           #...         99%         1    ##.....
 Call Imp                 Summ           #.......     100%        2    ###....
 Corpse Rot               Necr           N/A          100%        2    ###....
 Sticks to Snakes         Tmut           #.......     100%        2    ###....
 Swiftness                Chrm/Air       #.......     100%        2    ###....
 Throw Frost              Conj/Ice       #.....       100%        2    ###....
 Call Canine Familiar     Summ           #.......     100%        3    ####...
 Ozocubu's Armour         Chrm/Ice       #.......     100%        3    ####...
 Spider Form              Tmut/Pois      #.........   100%        3    ####...
 Static Discharge         Conj/Air       #.......     100%        3    ####...
 Summon Guardian Golem    Hex/Summ       #.......     100%        3    ####...
 Airstrike                Air            #.........   100%        4    #####..
 Cause Fear               Hex            #.........   100%        4    #####..
 Ice Form                 Ice/Tmut       #.......     100%        4    #####..
 Leda's Liquefaction      Hex/Erth       #.........   100%        4    #####..
 Petrify                  Tmut/Erth      #.......     100%        4    #####..
 Summon Ice Beast         Ice/Summ       #.......     100%        4    #####..
 Summon Lightning Spire   Summ/Air       #.......     100%        4    #####..
 Throw Icicle             Conj/Ice       #.......     100%        4    #####..
 Blade Hands              Tmut           #.........   100%        5    ######.
 Lightning Bolt           Conj/Air       #.........   100%        5    ######.
 Silence                  Hex/Air        #.........   100%        5    ######.
 Yara's Violent Unravell  Hex/Tmut       #.........   100%        5    ######.
 Deflect Missiles         Chrm/Air       #.........   100%        6    #######
 Statue Form              Tmut/Erth      #........    100%        6    #######
 Discord                  Hex            #.........   100%        8    #######


Dungeon Overview and Level Annotations

Branches:
Dungeon (13/15)            Temple (0/1) D:5            Lair (6/6) D:8
 Shoals (0/4) Lair:4        Snake (1/4) Lair:2        Slime (0/5) Lair:5
    Orc (2/2) D:10            Elf (0/3) Orc:2        Vaults (0/5) D:13

Altars:
Ashenzari
Cheibriados
Gozag
Kikubaaqudgha
Nemelex Xobeh
Wu Jian
Beogh
Jiyva

Shops:
D:6 !   Orc:2 *=}}

Portals:
Trove: D:10 (give 11 potions of heal wounds)

Annotations:
D:6 3 runed doors, P0WERM0DE's ghost, novice DDFi
D:12 2 transporters, exclusion: orange crystal statue


Message History

Rocco goes into a battle-frenzy!
You feel sick. The shock serpent bites you!
* * * LOW HITPOINT WARNING * * *
The shock serpent shocks you. You resist.
* * * LOW HITPOINT WARNING * * *
Beogh accepts your kill.
You can now revive fallen orcs.
You feel a bit more experienced.
There is a staircase back to the Lair, spattered with blood here.
You feel sick. The shock serpent bites you!
* * * LOW HITPOINT WARNING * * *
The shock serpent shocks you. You resist.
* * * LOW HITPOINT WARNING * * *
The shock serpent bites you!
* * * LOW HITPOINT WARNING * * *
The shock serpent shocks you. You resist.
* * * LOW HITPOINT WARNING * * *
Gorm hits the naga warrior with an uncursed battleaxe!
The shock serpent shoots out a bolt of lightning at you!
The bolt of electricity hits you! You resist.
You die...

..# #.....
...###.......
.............
.............
#............
##............
###.............
#.#.....oN......
#@#.......N...#
#S.##.......N.#
#.#.###.)†...###
..#### ##..))##
... ##o#.# ....
#.S###.# .S.
..... .# ###
....... #
.......


You could see a naga warrior, a shock serpent, a black mamba (wandering) and the
friendly Gorm the orc knight.

Vanquished Creatures
  Kirke (Lair:4)
  5 hydras
  A two-headed ogre (D:8)
  3 orc high priests (Orc:2)
  4 slime creatures
  An orc knight (Orc:2)
  An ugly thing (D:11)
  2 orc sorcerers (Orc:2)
  A cyclops (D:11)
  3 elephants (Lair:6)
  A black mamba (Lair:2)
  2 rime drakes
  3 komodo dragons
  An efreet (D:8)
  A queen bee (Lair:2)
  A troll (Orc:1)
  Grinder (D:6)
  A hornet (Lair:6)
  3 polar bears
  A dream sheep (Lair:6)
  2 hippogriffs (D:8)
  2 blink frogs (Lair:4)
  5 spriggans (Lair:6)
  4 wraiths
  2 humans (D:9)
  24 yaks
  A wyvern (D:8)
  Eustachio (D:5)
  A hog (Lair:4)
  Grum (D:9)
  2 vampire mosquitoes (D:13)
  3 steam dragons
  2 basilisks
  A warg (Orc:2)
  A soldier ant (D:13)
  11 water moccasins
  11 porcupines
  A sky beast (D:11)
  7 orc warriors
  8 ice beasts
  17 wolves
  3 black bears
  4 phantoms
  3 boggarts (Lair:6)
  9 ogres
  8 crocodiles
  7 centaurs
  A big kobold (D:7)
  A gnoll sergeant (D:13)
  12 bullfrogs
  A water moccasin skeleton (D:4)
  A scorpion (D:8)
  28 killer bees
  5 howler monkeys
  10 wights
  4 electric eels
  4 crimson imps
  A quasit (D:8)
  A centaur zombie (D:6)
  8 orc priests
  2 bullfrog skeletons
  A hound (D:4)
  4 jellies
  4 iguanas
  8 orc wizards
  4 worker ants
  A killer bee zombie (D:8)
  A hound skeleton (D:7)
  A howler monkey zombie (D:7)
  4 gnolls (D:3)
  12 adders
  A howler monkey skeleton (D:5)
  4 shadow imps
  An adder skeleton (D:4)
  A worm (D:3)
  4 dart slugs
  9 leopard geckos
  23 orcs
  5 giant cockroaches
  12 goblins
  10 hobgoblins
  13 jackals
  7 quokkas
  3 ball pythons (Lair:2)
  12 bats
  11 frilled lizards
  12 kobolds
  A quokka zombie (D:7)
  4 rats
  3 plants
433 creatures vanquished.

Vanquished Creatures (collateral kills)
  Nikola (Snake:1)
  Gastronok (D:12)
  The ghost of Banto the Spear-Bearer, a journeyman DsGl of Okawaru (Lair:6)
  Fannar (D:12)
  Josephine (D:12)
  2 hydras
  A centaur warrior (D:13)
  A two-headed ogre (D:10)
  An orc high priest (Orc:1)
  Nergalle (D:10)
  2 unseen horrors
  2 orc sorcerers (Orc:2)
  2 mana vipers (Snake:1)
  2 orc knights (Orc:2)
  A cyclops (Orc:2)
  An elephant (Lair:6)
  An ugly thing (D:12)
  A guardian serpent (Snake:1)
  A black mamba (Lair:2)
  A naga mage (Snake:1)
  A gargoyle (D:13)
  An efreet (D:13)
  7 spiny frogs
  6 komodo dragons
  3 meliai (D:13)
  3 polar bears
  3 trolls
  3 hornets (Lair:6)
  A dream sheep (Lair:6)
  2 blink frogs (Lair:4)
  2 hippogriffs
  A centaur simulacrum (D:13)
  9 spriggans (Lair:6)
  4 humans (D:9)
  2 wraiths (D:12)
  24 yaks
  A basilisk (Lair:2)
  A wyvern (D:11)
  3 hungry ghosts
  A vampire mosquito (D:13)
  3 nagas (Snake:1)
  8 water moccasins
  A soldier ant (D:11)
  3 porcupines
  A sky beast (D:11)
  10 orc warriors
  6 ice beasts (D:13)
  A necrophage (D:11)
  A black bear (Lair:6)
  A boggart (Lair:6)
  3 phantoms
  21 wolves
  5 ogres
  3 centaurs
  8 crocodiles
  2 bullfrogs
  A scorpion (D:12)
  6 killer bees
  2 electric eels (D:13)
  2 wights (D:12)
  A vampire bat (Lair:4)
  3 bullfrog zombies
  A howler monkey (D:9)
  A jelly (D:12)
  2 hounds
  7 orc priests
  A centaur skeleton (D:12)
  A bullfrog skeleton (D:11)
  2 iguanas
  5 orc wizards
  2 worker ants
  A hound skeleton (D:10)
  An adder (Lair:2)
  A white imp (D:13)
  An ufetubus (D:13)
  7 orcs
  A ball python (Lair:2)
  A bat (Lair:4)
  A quokka (D:8)
  8 fungi
  14 plants
253 creatures vanquished.

Vanquished Creatures (others)
  4 orc knights
  2 orc high priests
  4 orc sorcerers
  6 orc warriors (Orc:2)
  A centaur (D:9)
  An electric eel (D:13)
  20 orc wizards
  17 orc priests
  An adder (D:3)
  46 orcs
  A frilled lizard (D:3)
  14 fungi (Lair:6)
  2 plants
119 creatures vanquished.

Grand Total: 805 creatures vanquished

Notes
Turn   | Place    | Note
-------+----------+-------------------------------------------
     0 | D:1      | PikkenKukken the Hill Orc Fighter began the quest for the
                  | Orb.
     0 | D:1      | Reached XP level 1. HP: 19/19 MP: 1/1
   280 | D:1      | Reached skill level 3 in Axes
   328 | D:1      | Reached XP level 2. HP: 23/27 MP: 2/2
   682 | D:2      | Reached XP level 3. HP: 33/33 MP: 3/3
   743 | D:2      | Found a faded altar of an unknown god.
  1616 | D:3      | Found a glowing drain.
  1640 | D:3      | Reached XP level 4. HP: 31/40 MP: 4/4
  1651 | Sewer    | Entered a sewer
  1775 | Sewer    | Reached skill level 4 in Axes
  1778 | Sewer    | Reached skill level 1 in Dodging
  1979 | Sewer    | Noticed a bullfrog
  1997 | Sewer    | Killed a bullfrog
  1997 | Sewer    | Reached XP level 5. HP: 30/46 MP: 5/5
  2009 | Sewer    | Reached skill level 5 in Axes
  2010 | Sewer    | Identified Esezapir's Papyrus of Earthen Black Rites
  2306 | D:3      | Noticed an ogre
  2317 | D:3      | Killed an ogre
  2317 | D:3      | Reached XP level 6. HP: 44/53 MP: 6/6
  2402 | D:3      | Became a worshipper of Beogh the Brigand
  3187 | D:3      | Reached skill level 1 in Invocations
  3489 | D:4      | Reached * piety under Beogh
  3717 | D:4      | Noticed a phantom
  3725 | D:4      | Reached skill level 6 in Axes
  3725 | D:4      | Reached XP level 7. HP: 60/60 MP: 7/7
  3743 | D:4      | Reached skill level 5 in Fighting
  4207 | D:4      | Reached skill level 5 in Armour
  4207 | D:4      | Reached skill level 5 in Shields
  4207 | D:4      | Reached XP level 8. HP: 59/68 MP: 8/10
  4260 | D:5      | Entered Level 5 of the Dungeon
  4349 | D:5      | Reached skill level 7 in Axes
  4458 | D:5      | Noticed Eustachio
  4616 | D:5      | Killed Eustachio
  4635 | D:5      | Found a staircase to the Ecumenical Temple.
  4691 | D:5      | Found an ornate altar of the Wu Jian Council.
  4695 | D:5      | Found a shattered altar of Ashenzari.
  4700 | D:5      | Found a snail-covered altar of Cheibriados.
  5383 | D:6      | Noticed Grinder
  5394 | D:6      | Killed Grinder
  5394 | D:6      | Reached skill level 8 in Axes
  5878 | D:6      | Found Zoturizuav's Distillery.
  5882 | D:6      | Bought a potion of might for 52 gold pieces
  5939 | D:6      | Reached ** piety under Beogh
  5974 | D:6      | Found a runed gate.
  5975 | D:6      | Found a runed gate.
  5975 | D:6      | Found a runed gate.
  5977 | D:6      | Noticed P0WERM0DE's ghost (novice DDFi)
  6049 | D:6      | Reached XP level 9. HP: 53/75 MP: 12/12
  6436 | D:6      | Got a pitted platinum amulet
  7146 | D:6      | Reached skill level 9 in Axes
  7406 | D:6      | Reached skill level 5 in Invocations
  7513 | D:7      | Found an ancient bone altar of Kikubaaqudgha.
  8180 | D:7      | Reached *** piety under Beogh
  8253 | D:7      | Found an opulent altar of Gozag.
  8355 | D:7      | Identified the amulet "Qulioh" {Reflect *Slow Dex+5 SH+4}
                  | (You found it on level 6 of the Dungeon)
  8457 | D:7      | Reached skill level 10 in Axes
  8476 | D:8      | Reached XP level 10. HP: 79/86 MP: 14/14
  8585 | D:8      | Noticed a two-headed ogre
  8589 | D:8      | Killed a two-headed ogre
  8798 | D:8      | Reached skill level 11 in Axes
  9271 | D:9      | Noticed Grum
  9280 | D:9      | Killed Grum
  9280 | D:9      | Reached skill level 5 in Dodging
  9280 | D:9      | Reached XP level 11. HP: 90/94 MP: 16/16
  9654 | D:10     | Entered Level 10 of the Dungeon
  9910 | D:10     | Found a portal to a secret trove of treasure.
 10159 | D:10     | Noticed Nergalle
 10161 | D:10     | Noticed a two-headed ogre
 10165 | D:10     | Killed Nergalle
 10168 | D:10     | Reached skill level 12 in Axes
 10172 | D:10     | Killed a two-headed ogre
 10189 | D:10     | Reached **** piety under Beogh
 10277 | D:10     | Found a staircase to the Orcish Mines.
 10289 | D:10     | Found a roughly hewn altar of Beogh.
 10671 | D:11     | Killed an unseen horror
 11037 | D:11     | Gained Morun as an ally
 11064 | D:11     | Noticed a cyclops
 11072 | D:11     | Killed a cyclops
 11162 | D:11     | Noticed a two-headed ogre
 11447 | D:11     | Noticed a purple ugly thing
 11453 | D:11     | Killed a purple ugly thing
 11709 | D:11     | Found a sparkling altar of Nemelex Xobeh.
 12314 | D:12     | Gained Rocco as an ally
 12393 | D:12     | Killed an unseen horror
 12412 | D:12     | Found a shattered altar of Ashenzari.
 12414 | D:12     | Noticed a purple ugly thing
 12417 | D:12     | Reached ***** piety under Beogh
 12419 | D:12     | Noticed Gastronok
 12421 | D:12     | Killed a purple ugly thing
 12421 | D:12     | Reached skill level 13 in Axes
 12430 | D:12     | Killed Gastronok
 12430 | D:12     | Reached XP level 12. HP: 93/105 MP: 15/18
 12442 | D:12     | Noticed Josephine
 12449 | D:12     | Killed Josephine
 12589 | D:12     | Noticed Fannar
 12615 | D:12     | Killed Fannar
 12743 | D:12     | Found a transporter.
 12744 | D:12     | Noticed a deep troll earth mage
 12748 | D:12     | Noticed a yaktaur captain
 13055 | D:12     | Found a transporter.
 13116 | D:13     | Found a frozen archway.
 13151 | D:13     | Your ally Rocco died
 13660 | D:13     | Found a gate to the Vaults.
 13675 | D:13     | Noticed a centaur warrior
 13677 | D:13     | Noticed a six-headed hydra
 13683 | D:13     | Killed a centaur warrior
 13683 | D:13     | Reached skill level 14 in Axes
 13684 | D:13     | Killed a seven-headed hydra
 13684 | D:13     | Reached skill level 10 in Fighting
 13852 | D:13     | Noticed a fire giant
 14135 | Orc:1    | Entered Level 1 of the Orcish Mines
 14452 | Orc:2    | Entered Level 2 of the Orcish Mines
 14581 | Orc:1    | Noticed an orc high priest
 14587 | Orc:1    | Killed an orc high priest
 14592 | Orc:1    | Gained Bogwald as an ally
 14832 | Orc:1    | Reached skill level 10 in Invocations
 15608 | Orc:2    | Found a staircase to the Elven Halls.
 15621 | Orc:2    | Noticed an orc high priest
 15732 | Orc:2    | Reached XP level 13. HP: 91/114 MP: 15/20
 16080 | Orc:2    | Found Gavuk's Gadget Shop.
 16096 | Orc:2    | Your ally Morun died
 16118 | Orc:2    | Your ally Bogwald died
 16947 | Orc:2    | Found Goostrem's Gadget Emporium.
 16953 | Orc:2    | Found Neogeupo's Jewellery Emporium.
 16955 | Orc:2    | Found Pim Em Gip's General Store.
 16963 | Orc:2    | Bought a scroll of identify for 32 gold pieces
 16963 | Orc:2    | Bought a scroll of identify for 32 gold pieces
 16999 | Orc:2    | Reached skill level 10 in Shields
 17573 | D:8      | Found a staircase to the Lair.
 17581 | D:8      | Reached skill level 15 in Axes
 17600 | D:8      | Gained Morbeogh as an ally
 17606 | D:8      | Your ally Morbeogh died
 17617 | D:8      | Reached skill level 10 in Armour
 17865 | D:8      | Gained Rocco as an ally
 18499 | Lair:1   | Entered Level 1 of the Lair of Beasts
 18969 | Lair:1   | Reached ****** piety under Beogh
 19264 | Lair:2   | Found a staircase to the Snake Pit.
 19277 | Lair:2   | Gained Oreg as an ally
 19278 | Lair:2   | Gained Gorm as an ally
 20824 | Lair:3   | Reached XP level 14. HP: 120/124 MP: 14/22
 21408 | Lair:4   | Reached skill level 16 in Axes
 21434 | Lair:4   | Noticed Kirke
 21443 | Lair:4   | Killed Kirke
 21443 | Lair:4   | Gained Morguth as an ally
 21514 | Lair:4   | Found a staircase to the Shoals.
 22977 | Lair:5   | Found a viscous altar of Jiyva.
 22977 | Lair:5   | Found a staircase to the Slime Pits.
 23388 | Lair:6   | Entered Level 6 of the Lair of Beasts
 23582 | Lair:6   | Found a runed gate.
 23583 | Lair:6   | Found a runed gate.
 23584 | Lair:6   | Found a runed gate.
 23593 | Lair:6   | Noticed Banto's ghost (journeyman DsGl)
 23914 | Lair:6   | Reached skill level 1 in Evocations
 25076 | Lair:6   | Killed Banto's ghost
 25510 | Snake:1  | Entered Level 1 of the Snake Pit
 25518 | Snake:1  | Noticed Nikola
 25526 | Snake:1  | Killed Nikola
 25535 | Snake:1  | HP: 6/126 [shock serpent (7)]
 25535 | Snake:1  | Killed from afar by a shock serpent

Vault maps used:
D:1:      sevenhm_arrival_forest_fort_large_4
D:2:      chequers_ecumenical_altar_grove, minmay_misc_feat_roman,
          roderic_serpentine_path, st_stairs_14
D:3:      serial_forest, infiniplex_forest_lined_2,
          infiniplex_forest_straight_2, infiniplex_forest_corner_1,
          infiniplex_forest_clump_medium, infiniplex_forest_clump_small,
          infiniplex_forest_straight_5, infiniplex_forest_side_room,
          cheibrodos_sewer_entry_bend
D:4:      corexii_shack_village, hex_tiny, dk_noncrumbling_2
D:5:      minmay_overflow_temple_star_quad, minmay_temple_entry_hall,
          first_ration, uniq_eustachio
D:6:      nicolae_whirlpool, serial_shops, shop, gammafunk_ghost_necromancy,
          uniq_grinder
D:7:      nicolae_gozag_seed_capital, basic_altar
D:8:      minmay_distorted_concentric_squares, minmay_lair_entry_grove,
          serial_bayou_pond_e, grunt_ogre_cave
D:9:      nicolae_two_hexagons, minmay_ruffians, uniq_grum
D:10:     minmay_orc_entry_temple_small, nicolae_trove_entry_crossroad,
          uniq_nergalle
D:11:     nemelex_diamond_rough_becter
D:12:     gammafunk_sealed_arena, basic_altar, uniq_gastronok, uniq_fannar,
          uniq_josephine
D:13:     kennysheep_scales, serial_shops, shop, gammafunk_ghost_stat_death,
          serial_ice, serial_ice_h, serial_ice_c, serial_ice_o, serial_ice_l,
          serial_ice_d, portal_ice_cave_entry_ice_beasts
Lair:2:   minmay_snake_entry_six_corridors, special_room
Lair:4:   elwin_shoals_entry_rooms, roderic_batcave, grunt_megastairs_5,
          uniq_kirke
Lair:5:   dpeg_slime_entry_enclosed_altar, infiniplex_staircase_pool,
          serial_bayou_shore_b, grunt_megastairs_4
Lair:6:   minmay_lair_end_enchanted_forest, gammafunk_ghost_split
Snake:1:  spider_trap, uniq_nikola
Orc:2:    st_orc_elflike, mines4_lemuel
Sewer:    sewer_frog_island_01

Skill      XL: |  1  2  3  4  5  6  7  8  9 10 11 12 13 14 |
---------------+-------------------------------------------+-----
Axes           | 3 4 5 6 8 10 11 13 14 15 16 | 16.9
Fighting       | 4 5 6 7 8 9 10 11 12 | 12.0
Dodging        | 1 2 3 4 5 6 7 8 |  8.3
Armour         | 4 5 6 7 8 9 10 11 | 11.2
Shields        | 4 5 6 7 8 9 10 11 | 11.2
Invocations    | 1 2 4 5 7 8 10 11 12 | 12.0
Evocations     | 2 |  2.5

Action                   |  1- 3 |  4- 6 |  7- 9 | 10-12 | 13-15 || total
-------------------------+-------+-------+-------+-------+-------++-------
Melee: War axe           |   113 |   180 |   422 |   372 |       ||  1087
       Hand axe          |       |       |       |   140 |   792 ||   932
       Battleaxe         |       |       |       |       |     6 ||     6
Invok: Convert to Beogh  |       |     1 |       |       |       ||     1
       Smiting           |       |       |       |     5 |    24 ||    29
       Recall Orcish Fol |       |       |       |       |    13 ||    13
       Stop Recall       |       |       |       |       |     2 ||     2
  Use: Scroll            |     7 |     5 |     3 |     5 |    11 ||    31
       Potion            |       |     2 |     2 |       |     2 ||     6
 Stab: Distracted        |       |       |       |     7 |     7 ||    14
  Eat: Chunk             |     2 |     8 |     7 |    17 |    16 ||    50
       Ration            |       |       |     3 |     2 |     5 ||    10
Armor: Scale mail        |    45 |    58 |    92 |       |       ||   195
       Chain mail        |       |       |   121 |   195 |    11 ||   327
       Plate armour      |       |       |       |       |   201 ||   201
Dodge: Dodged            |    34 |    65 |   107 |   116 |   159 ||   481
Block: Shield            |    59 |    94 |   281 |   330 |   384 ||  1148
       Reflection        |       |       |       |     8 |       ||     8

Table legend:
 A = Non-vault XP
 B = Vault XP
 C = Vault XP percentage of total XP
 D = Non-vault monster count
 E = Vault monster count
 F = Vault count percentage of total count
                 A         B        C        D         E       F
            +---------+---------+-------+---------+---------+-------
      Total |   48125 |   33186 |  40.8 |     455 |     207 |  31.3
            +---------+---------+-------+---------+---------+-------
        D:1 |      20 |       0 |   0.0 |      11 |       0 |   0.0
        D:2 |      38 |       5 |  11.6 |      19 |       3 |  13.6
        D:3 |     286 |       5 |   1.7 |      30 |       1 |   3.2
        D:4 |     625 |      15 |   2.3 |      11 |       7 |  38.9
        D:5 |     259 |     202 |  43.8 |      14 |       1 |   6.7
        D:6 |     801 |     499 |  38.4 |      28 |       3 |   9.7
        D:7 |    1335 |       0 |   0.0 |      30 |       0 |   0.0
        D:8 |    3506 |    2523 |  41.8 |      35 |      19 |  35.2
        D:9 |    2061 |    1134 |  35.5 |      23 |       9 |  28.1
       D:10 |    1005 |     625 |  38.3 |       9 |       5 |  35.7
       D:11 |    3421 |       0 |   0.0 |      28 |       0 |   0.0
       D:12 |    2690 |    3158 |  54.0 |      23 |       7 |  23.3
       D:13 |    4798 |    2389 |  33.2 |      31 |      21 |  40.4
     Lair:1 |    3006 |       0 |   0.0 |      17 |       0 |   0.0
     Lair:2 |    3356 |    2565 |  43.3 |      25 |      37 |  59.7
     Lair:3 |    5020 |       0 |   0.0 |      25 |       0 |   0.0
     Lair:4 |    3828 |    2542 |  39.9 |      13 |      10 |  43.5
     Lair:5 |    1676 |     445 |  21.0 |       8 |       2 |  20.0
     Lair:6 |    5152 |    9021 |  63.6 |      31 |      51 |  62.2
    Snake:1 |    1326 |    2972 |  69.1 |       7 |       1 |  12.5
      Orc:1 |    1870 |       0 |   0.0 |      20 |       0 |   0.0
      Orc:2 |    2046 |    4861 |  70.4 |      17 |      14 |  45.2
      Sewer |       0 |     225 | 100.0 |       0 |      16 | 100.0
            +---------+---------+-------+---------+---------+-------
